Match 42448046
Unlisted

Match 42448046
End
Kradschützen Motorcycle Team
Kradschützen Motorcycle Team
Panzergrenadier Squad
Panzergrenadier Squad
Construct Light Support Kompanie
Selects Battlefield Espionage Battlegroup
Selects Sector Subterfuge Beacon
Selects Transfer Depots
Panzerjäger Squad
Fire Support Elements
Flakvierling Half-track
le.IG 18 Mechanized Group
2.5-tonne Medical Truck
T34
TidaL
0
0

Comments sign in to comment!

No comments posted yet!